 Dungeon Crawl Stone Soup version 0.31-a0-365-gcf821cafb2 (webtiles) character file.

Game seed: 13431290064499565050

16 drugrobin the Sneak (level 2, 0/25 HPs)
             Began as a Demigod Delver on July 28, 2023.
             Slain by an adder (1 damage)
             ... on level 2 of the Dungeon.
             The game lasted 00:02:14 (712 turns).

drugrobin the Sneak (Demigod Delver)                 Turns: 712, Time: 00:02:15

Health: 0/25       AC:  3    Str: 13    XL:     2   Next: 24%
Magic:  4/4        EV: 11    Int: 12    God:
Gold:   49         SH:  0    Dex: 15    Spells: 1/1 levels left

rFire   . . .        a - +0 hand axe
rCold   . . .        (no shield)
rNeg    + . .        b - +0 leather armour
rPois   .            (no helmet)
rElec   .            (no cloak)
rCorr   .            (no gloves)
SInv    .            (no boots)
Will    ++++.        i - amulet of the Four Winds {rN+ Will+++ Clar}
Stlth   +++          (no ring)
HPRegen 0.24/turn    (no ring)
MPRegen 0.09/turn

%: clarity
@: lethally poisoned (0 -> -4), enlightened, flying
A: high MP 1, forlorn, divine attributes
a: no special abilities


You were on level 2 of the Dungeon.
You visited 1 branch of the dungeon, and saw 4 of its levels.

You collected 49 gold pieces.

Inventory:

Hand Weapons
 a - a +0 hand axe (weapon)
Armour
 b - a +0 leather armour (worn)
Jewellery
 i - the amulet of the Four Winds (around neck) {rN+ Will+++ Clar}
   (You found it on level 4 of the Dungeon)

   [amulet of nothing]

   rN:        It protects you from negative energy.
   Clar:      It protects you from confusion, rage, mesmerisation and fear.
   Will:      It greatly increases your willpower.
Wands
 g - a wand of digging (3)
Scrolls
 c - a scroll of fog
 d - a scroll of revelation
 k - a scroll of teleportation {unknown}
 l - 2 scrolls of vulnerability {unknown}
 m - a scroll of identify {unknown}
Potions
 f - a potion of haste


   Skills:
 - Level 2.6 Fighting
 + Level 2.8 Axes
 - Level 1.7 Dodging
 - Level 4.5 Stealth


You had one spell level left.
You didn't know any spells.
Your spell library was empty.

Dungeon Overview and Level Annotations

Branches:
Dungeon (5/15)
 Temple: D:4-7

Annotations:
D:2 exclusion: 2 adders, Terence
D:5 exclusion: adder


Innate Abilities, Weirdness & Mutations

You have an increased reservoir of magic. (+10% MP)
You shall have no god before yourself.
Your divine heritage dramatically boosts your attributes as you level up.


Message History

Unknown command.
Unknown command.
You barely miss the adder. The adder bites you.
* * * LOW HITPOINT WARNING * * *
Unknown command.
Unknown command.
You hit the adder.
The adder is heavily wounded.
The adder barely misses you. The adder bites you but does no damage.
Unknown command.
Unknown command.
Unknown command.
You hit the adder but do no damage.
The adder is heavily wounded.
The adder bites you but does no damage.
Unknown command.
Unknown command.
You hit the adder.
The adder is heavily wounded.
The adder barely misses you. The adder bites you but does no damage.
Unknown command.
You barely miss the adder.
The adder is moderately wounded.
The adder bites you.
* * * LOW HITPOINT WARNING * * *
You are lethally poisoned!
The adder poisons you! The adder closely misses you.
Unknown command.
Unknown command.
You miss the adder.
The adder is moderately wounded.
* * * LOW HITPOINT WARNING * * *
You feel sick. The adder bites you but does no damage.
Unknown command.
Unknown command.
You hit the adder but do no damage.
The adder is moderately wounded.
* * * LOW HITPOINT WARNING * * *
You feel sick. The adder bites you.
You die...

#.# #.h# #)#
##..# #.# #..h#
#.# #†#.# #.#
#.#.# #.###.#$#
##### #.##..).#
#....
#.##..######..#
#.##.......@..#
##.##.#######S.#
#..##S# #.....
#.###.# #.#####
#.# #.# #.# #.#
#.# #.# #.# #.#
#.# #.# #.# #.#
#.#
#.#######.####


You could see an adder.

Vanquished Creatures
  An endoplasm (D:2)
  3 giant cockroaches
  2 hobgoblins
  2 jackals (D:2)
  2 kobolds (D:2)
  A ball python (D:2)
  2 rats (D:2)
13 creatures vanquished.

Notes
Turn   | Place    | Note
-------+----------+-------------------------------------------
     0 | D:5      | drugrobin the Demigod Delver began the quest for the Orb.
     0 | D:5      | Reached XP level 1. HP: 18/18 MP: 3/3
    82 | D:4      | Found the amulet of the Four Winds {rN+ Will+++ Clar}
   426 | D:2      | Noticed Terence
   497 | D:2      | Reached XP level 2. HP: 24/25 MP: 4/4
   711 | D:2      | HP: 1/25 [poisoned by an adder]
   712 | D:2      | Slain by an adder

Illustrated notes

Levels and vault maps discovered:
D:2:      layout_loops_ring, uniq_terence
D:3:      layout_loops_corners, nicolae_tso_besieged_by_evil,
          minmay_misc_feat_rows
D:4:      layout_layer_cave
D:5:      layout_basic, amcnicky_altar_gilded,
          chequers_temple_overflow_statue_of_worship, temple_statues

Skill      XL: |  1 |
---------------+----+-----
Axes           | 2 |  2.8
Fighting       | |  2.6
Dodging        | |  1.7
Stealth        | |  4.5

Action                     || total
---------------------------++-------
  Melee: Hand axe          ||    59
    Use: Potion            ||     2
         Scroll            ||     1
   Stab: Sleeping          ||     3
 Armour: Leather armour    ||    13
  Dodge: Dodged            ||    47

Table legend: (Time is in decaauts)
 A = Elapsed time spent in this place.
 B = Non-inter-level travel time spent in this place.
 C = Inter-level travel time spent in this place.
 D = Time resting spent in this place.
 E = Time spent auto-exploring this place.
 F = Levels seen in this place.
 G = Mean time per level.
                   A        B        C        D        E       F      G
               +--------+--------+--------+--------+--------+-----+--------+
         Total |    721 |    713 |      8 |     16 |    405 |   4 |  180.2 |
       Dungeon |    721 |    713 |      8 |     16 |    405 |   4 |  180.2 |
               +--------+--------+--------+--------+--------+-----+--------+

Top non-repeatable levels by time:
     D:2: 424 daAuts
     D:3: 144 daAuts
     D:4: 105 daAuts
     D:5: 47 daAuts
